 Dungeon Crawl Stone Soup version 0.30-a0-870-gc5d4c5acee (webtiles) character file.

Game seed: 9890600979707076211

49 Sabo the Cruncher (level 3, 0/26 HPs)
             Began as a Gnoll Wanderer on Mar 11, 2023.
             Was a Follower of Wu Jian.
             Slain by an orc
             ... wielding a +0 dagger
              (2 damage)
             ... on level 3 of the Dungeon.
             The game lasted 00:10:47 (2421 turns).

Sabo the Cruncher (Gnoll Wanderer)                  Turns: 2421, Time: 00:10:48

Health: 0/26       AC:  3    Str:  8    XL:     3   Next: 75%
Magic:  7/7        EV: 11    Int: 14    God:    Wu Jian [*.....]
Gold:   74         SH:  0    Dex: 13    Spells: 6/7 levels left

rFire   . . .      SeeInvis .    a - +2 quarterstaff
rCold   . . .      Faith    .    (shield currently unavailable)
rNeg    . . .      Spirit   .    j - +0 leather armour
rPois   .          Reflect  .    (no helmet)
rElec   .          Rampage  .    (no cloak)
rCorr   .                        (no gloves)
Will    .....                    (no boots)
Stlth   +                        o - amulet of magic regeneration
HPRegen 0.24/turn                (no ring)
MPRegen 0.50/turn                (no ring)

@: no status effects
A: fangs 1, strong nose, distributed training
a: Renounce Religion


You were on level 3 of the Dungeon.
You worshipped Wu Jian.
Wu Jian was aware of your devotion.
You visited 1 branch of the dungeon, and saw 3 of its levels.

You collected 74 gold pieces.

Inventory:

Hand Weapons
 a - a +2 quarterstaff (weapon)
Missiles
 e - 11 poisoned darts (quivered)
Armour
 j - a +0 leather armour (worn)
Jewellery
 o - an amulet of magic regeneration (around neck)
Wands
 b - a wand of polymorph (6)
 k - a wand of flame (16)
Scrolls
 m - 2 scrolls of teleportation
Potions
 f - a potion of mutation {unknown}
 g - 5 potions of flight
 h - 3 potions of curing
 l - 2 potions of cancellation {unknown}


   Skills:
 + Level 1.0 Fighting
 + Level 1.0 Short Blades
 + Level 1.0 Long Blades
 + Level 1.0 Axes
 + Level 1.0 Maces & Flails
 + Level 1.0 Polearms
 + Level 8.5 Staves
 + Level 1.0 Ranged Weapons
 + Level 1.0 Throwing
 + Level 1.0 Armour
 + Level 1.0 Dodging
 + Level 1.0 Stealth
 + Level 1.0 Shields
 + Level 1.0 Unarmed Combat
 + Level 2.9 Spellcasting
 + Level 0.7 Conjurations
 + Level 0.7 Hexes
 + Level 0.7 Summonings
 + Level 0.7 Necromancy
 + Level 0.7 Translocations
 + Level 0.7 Transmutations
 + Level 0.7 Fire Magic
 + Level 3.8 Ice Magic
 + Level 0.7 Air Magic
 + Level 0.7 Earth Magic
 + Level 0.7 Poison Magic
 + Level 1.0 Invocations
 + Level 6.5 Evocations


You had 6 spell levels left.
You knew the following spells:

 Your Spells              Type           Power      Damage    Failure   Level
a - Freeze                Ice            48%        1d6       6%          1

Your spell library contained the following spells:

 Spells                   Type           Power      Damage    Failure   Level
 Frozen Ramparts          Ice            24%        1d4       19%         3


Dungeon Overview and Level Annotations

Branches:
Dungeon (3/15)

Altars:
Wu Jian


Innate Abilities, Weirdness & Mutations

You have very sharp teeth.
Your uncanny sense of smell can sniff out nearby items.
Your experience applies equally to all skills.


Message History

The orc is severely wounded.
The orc hits you with a +0 dagger. The orc hits you with a +0 club.
The orc priest hits you from afar with a +0 spear.
You thump the orc!
You kill the orc!
The Council accepts your kill. The orc hits you with a +0 dagger.
The orc priest mumbles some strange prayers to Beogh against you.
Pain shoots through your body!
* * * LOW HITPOINT WARNING * * *
It was a potion of curing.
You feel better. The orc completely misses you.
The orc priest closely misses you.
You lunge at the orc priest.
You hit the orc priest.
You bite the orc priest, but do no damage.
The orc priest is moderately wounded.
The orc priest hits you with a +0 spear.
* * * LOW HITPOINT WARNING * * *
Things that are here:
a +0 club; a +0 leather armour You hit the orc priest.
The orc priest is heavily wounded.
The orc hits you with a +0 dagger.
* * * LOW HITPOINT WARNING * * *
The orc priest hits you with a +0 spear.
* * * LOW HITPOINT WARNING * * *
You feel better.
The orc priest begins to cast a cantrip, but forgets the words!
The orc hits you with a +0 dagger.
* * * LOW HITPOINT WARNING * * *
You barely miss the orc priest.
The orc priest is heavily wounded.
You hit the orc priest.
The orc priest is heavily wounded.
The orc hits you but does no damage.
The orc priest hits you with a +0 spear.
* * * LOW HITPOINT WARNING * * *
You closely miss the orc priest. You bite the orc priest.
The orc priest is severely wounded.
The orc hits you with a +0 dagger.
You die...

####### #.....# #.....#
#.....# #.....###
####.....##. . #
#........''.
....#.#######.##.....##.
.....oo@o...............
#'#.#[###.########...##.
.. ....# ........ ...
###..# ########. ...∆
#..# #. .. #..# #. .
#..# ∆ #..#


You could see an orc priest and 2 orcs.

Vanquished Creatures
  An adder (D:2)
  A dart slug (D:1)
  An orc (D:3)
  3 endoplasms
  A giant cockroach (D:2)
  8 goblins
  5 hobgoblins
  2 quokkas (D:2)
  A ball python (D:1)
  2 bats
  A frilled lizard (D:1)
  3 kobolds
  2 rats
31 creatures vanquished.

Notes
Turn   | Place    | Note
-------+----------+-------------------------------------------
     0 | D:1      | Sabo the Gnoll Wanderer began the quest for the Orb.
     0 | D:1      | Sabo set off with the following items: a +2 quarterstaff, a
                  | wand of polymorph (6), a scroll of vulnerability, a +0
                  | robe; and the following spell memorised: Freeze; and the
                  | following spells available to memorise: Frozen Ramparts.
     0 | D:1      | Reached XP level 1. HP: 13/13 MP: 4/4
   118 | D:1      | Reached XP level 2. HP: 9/20 MP: 5/5
  1628 | D:2      | Reached XP level 3. HP: 25/25 MP: 7/7
  1675 | D:2      | Reached skill level 1 in Invocations
  2306 | D:3      | Found a faded altar of an unknown god.
  2310 | D:3      | Prayed at the altar of an unknown god.
  2310 | D:3      | Became a worshipper of the Wu Jian Council
  2310 | D:3      | Reached * piety under Wu Jian
  2371 | D:3      | Reached skill level 1 in Fighting
  2371 | D:3      | Reached skill level 1 in Short Blades
  2371 | D:3      | Reached skill level 1 in Long Blades
  2371 | D:3      | Reached skill level 1 in Axes
  2371 | D:3      | Reached skill level 1 in Maces & Flails
  2371 | D:3      | Reached skill level 1 in Polearms
  2371 | D:3      | Reached skill level 1 in Ranged Weapons
  2371 | D:3      | Reached skill level 1 in Throwing
  2371 | D:3      | Reached skill level 1 in Armour
  2371 | D:3      | Reached skill level 1 in Dodging
  2371 | D:3      | Reached skill level 1 in Stealth
  2371 | D:3      | Reached skill level 1 in Shields
  2371 | D:3      | Reached skill level 1 in Unarmed Combat
  2414 | D:3      | HP: 1/26 [orc priest/nerve-wracking pain (9)]
  2421 | D:3      | Slain by an orc

Illustrated notes

Levels and vault maps discovered:
D:1:      sevenhm_arrival_forest_fort_small_3, layout_basic
D:2:      layout_loops_corners
D:3:      layout_basic, nicolae_ecumenical_pavilion, serial_shops, shop,
          uniq_terence

Skill      XL: |  1  2  3 |
---------------+----------+-----
Invocations    | 1 |  1.0
Fighting       | 1 |  1.0
Short Blades   | 1 |  1.0
Long Blades    | 1 |  1.0
Axes           | 1 |  1.0
Maces & Flails | 1 |  1.0
Polearms       | 1 |  1.0
Ranged Weapons | 1 |  1.0
Throwing       | 1 |  1.0
Armour         | 1 |  1.0
Dodging        | 1 |  1.0
Stealth        | 1 |  1.0
Shields        | 1 |  1.0
Unarmed Combat | 1 |  1.0
Staves         | |  8.5
Spellcasting   | |  2.9
Conjurations   | |  0.7
Hexes          | |  0.7
Summonings     | |  0.7
Necromancy     | |  0.7
Translocations | |  0.7
Transmutations | |  0.7
Fire Magic     | |  0.7
Ice Magic      | |  3.8
Air Magic      | |  0.7
Earth Magic    | |  0.7
Poison Magic   | |  0.7
Evocations     | |  6.5

Action                     || total
---------------------------++-------
  Melee: Quarterstaff      ||    69
         Bite              ||     7
   Cast: Freeze            ||     2
Ability: Lunge             ||     4
         Whirlwind         ||     1
    Use: Scroll            ||     3
         Potion            ||     2
   Stab: Sleeping          ||     1
 Armour: Scale mail        ||    16
         Robe              ||     4
         Leather armour    ||     5
  Dodge: Dodged            ||    23

Table legend: (Time is in decaauts)
 A = Elapsed time spent in this place.
 B = Non-inter-level travel time spent in this place.
 C = Inter-level travel time spent in this place.
 D = Time resting spent in this place.
 E = Time spent auto-exploring this place.
 F = Levels seen in this place.
 G = Mean time per level.
                   A        B        C        D        E       F      G
               +--------+--------+--------+--------+--------+-----+--------+
         Total |   2412 |   2412 |      0 |    308 |      0 |   3 |  804.0 |
       Dungeon |   2412 |   2412 |      0 |    308 |      0 |   3 |  804.0 |
               +--------+--------+--------+--------+--------+-----+--------+

Top non-repeatable levels by time:
     D:1: 1294 daAuts
     D:2: 1004 daAuts
     D:3: 113 daAuts
